 Dungeon Crawl Stone Soup version 0.27-a0-909-g0721f309d1 (webtiles) character file.

Game seed: 4070429380056477918

590 siradein the Magician (level 7, -1/45 HPs)
             Began as a Djinni Fire Elementalist on Apr 9, 2021.
             Slain by a wight
             ... wielding a +5 halberd
              (9 damage)
             ... on level 4 of the Dungeon.
             The game lasted 00:27:51 (3711 turns).

siradein the Magician (Djinni Fire Elementalist)    Turns: 3711, Time: 00:27:51

Health: -1/45      AC:  4    Str:  7    XL:     7   Next: 38%
Gold:   133        EV: 11    Int: 19    God:
                   SH:  0    Dex: 13

rFire    + + .     SeeInvis .   f - staff of conjuration
rCold    x . .     Faith    .   (no shield)
rNeg     . . .     Spirit   .   m - +0 troll leather armour {Purgy}
rPois    ∞         Reflect  .   (no helmet)
rElec    .         Harm     .   (no cloak)
rCorr    .         Rampage  .   (no gloves)
Will     .....                  (boots unavailable)
Stlth    ++........             (no amulet)
HPRegen  1.15/turn              (no ring)
MPRegen  0.00/turn              (no ring)

@: flying
A: fire resistance 2, cold vulnerability 1, float, innate caster, hp casting,
extra vitality 1
a: no special abilities


You were on level 4 of the Dungeon.
You visited 1 branch of the dungeon, and saw 4 of its levels.
You also visited: Sewer.

You collected 133 gold pieces.

Inventory:

Armour
 k - a +0 buckler
 m - a +0 troll leather armour (worn) {Purgy}
Magical Staves
 f - a staff of conjuration (weapon)
Wands
 g - a wand of iceblast (10)
 h - a wand of paralysis (4)
 r - a wand of digging (7)
Scrolls
 b - 2 scrolls of identify {unknown}
 d - a scroll of immolation {unknown}
 e - 6 scrolls of teleportation {unknown}
 i - 2 scrolls of fog {unknown}
 j - a scroll of amnesia {unknown}
 n - a scroll of blinking {unknown}
 q - a scroll of vulnerability {unknown}
 s - a scroll of enchant weapon {unknown}
Potions
 a - 2 potions of attraction {unknown}
 c - 2 potions of flight {unknown}
 l - a potion of berserk rage {unknown}
 o - 2 potions of invisibility {unknown}
 p - a potion of heal wounds {unknown}


   Skills:
 - Level 2.1 Dodging
 - Level 1.5 Stealth
 + Level 7.0 Spellcasting


You couldn't memorise any spells.
You knew the following spells:

 Your Spells              Type           Power      Damage    Failure   Level
a - Foxfire               Conj/Fire      100%       2x1d9     1%          1
b - Conjure Flame         Conj/Fire      50%        6-21      2%          3
c - Inner Flame           Hex/Fire       33%        N/A       2%          3
d - Sticky Flame          Conj/Fire      50%        2d7       9%          4
e - Fireball              Conj/Fire      25%        3d11      24%         5
f - Corona                Hex            36%        N/A       1%          1
g - Ensorcelled Hibernat  Hex/Ice        66%        N/A       1%          2
h - Teleport Other        Tloc           33%        N/A       2%          3
Your spell library was empty.

Dungeon Overview and Level Annotations

Branches:
Dungeon (4/15)              Sewer (visited)
 Temple: D:4-7

Altars:
Cheibriados
Uskayaw

Shops:
D:3 *

Annotations:
D:3 3 runed translucent doors, zarzak's ghost, amateur DgFi


Innate Abilities, Weirdness & Mutations

You are immune to poison.
Your flesh is very heat resistant. (rF++)
You are vulnerable to cold. (rC-)
You float through the air rather than walking.
You learn spells naturally, not from books.
Your magical power is your life essence.
You have superior vitality. (+4 HP)


Message History

Aiming: Inner Flame (dangerous; 2% risk of failure)
Press: ? - help, Shift-Dir - straight line, f - gnoll, p - gnoll
Aim: a gnoll, wielding a +0 spear (chance to affect: 91%)
The gnoll is filled with an inner flame.
Casting: Foxfire (safe; 1% risk of failure)
Press: ? - help, Q - select action, (/) - cycle Dir - look around, f - activate You feel a surge of power!
You conjure some foxfire!
The foxfire hits the gnoll.
Flame seeps out of the gnoll.
The gnoll is lightly wounded.
The foxfire hits the gnoll but does no damage.
The gnoll is lightly wounded.
The gnoll is engulfed in blazing flames.
Flame seeps out of the gnoll.
The gnoll is engulfed in blazing flames.
The gnoll explodes!
Casting: Foxfire (safe; 1% risk of failure)
Press: ? - help, Q - select action, (/) - cycle Dir - look around, f - activate You feel a surge of power!
You conjure some foxfire!
The foxfire hits the gnoll.
Flame seeps out of the gnoll.
The gnoll is moderately wounded.
The gnoll is engulfed in blazing flames.
Flame seeps out of the gnoll.
Your magical contamination has completely faded away.
A wight comes into view. It is wielding a +5 halberd.
Your foxfire dissipates!
A wight comes into view.
It is wielding a +1 spear and carrying a wand of acid (5).
A wight comes into view. It is wielding a +2 flail.
A wight comes into view.
It is wielding a +3 great sword of freezing.
The wight barely misses you.
Found 26 arrows.
Things that are here:
a +3 flail; a +0 robe The wight zaps a wand.
The bolt of acid misses you. The wight hits you with a +5 halberd.
The wight zaps a wand.
The bolt of acid hits you!!
Ouch! That really hurt!
You are splashed with acid!
* * * LOW HITPOINT WARNING * * *
The wight hits you from afar with a +5 halberd!
You die...

#########################
#.......................#
#.####################.##
#.# #..)g.........#.# #.#
#.###########.#.##
#########.# #.# #....<#
..........# #g# #..#g##
########..# #.# ###
#..#.#
........>.######@##.....
#..#.#
#######...#..........#
#..#g# #..^#...z.z....#
####.# #...#..........#
#....# #...#....z.....#
#g#### #...#...z......# #
######...#..........#
##........#........(.#
.'........##.....##...


You could see 4 wights and a gnoll (inner flame).

Vanquished Creatures
  Purgy (Sewer)
  A necrophage (D:4)
  A wight (D:4)
  A hound (D:4)
  An orc priest (D:4)
  A gnoll shaman (D:4)
  A jelly (D:4)
  A hound skeleton (D:4)
  10 gnolls
  5 adders
  A shadow imp (D:3)
  An adder skeleton (D:4)
  5 dart slugs
  6 orcs (D:4)
  5 endoplasms
  5 giant cockroaches
  2 goblins (D:1)
  7 hobgoblins
  6 jackals
  4 kobolds
  6 quokkas
  2 ball pythons
  6 bats
  A frilled lizard (Sewer)
  8 rats
88 creatures vanquished.

Vanquished Creatures (others)
  203 foxfires
203 creatures vanquished.

Grand Total: 291 creatures vanquished

Notes
Turn   | Place    | Note
-------+----------+-------------------------------------------
     0 | D:1      | siradein the Djinni Fire Elementalist began the quest for
                  | the Orb.
     0 | D:1      | Reached XP level 1. HP: 15/15 MP: 0/0
    88 | D:1      | Reached skill level 3 in Spellcasting
    88 | D:1      | Reached XP level 2. HP: 11/21 MP: 0/0
   600 | D:1      | Reached XP level 3. HP: 24/25 MP: 0/0
   600 | D:1      | Learned a level 1 spell: Corona
  1703 | D:2      | Reached skill level 4 in Spellcasting
  1989 | D:3      | Found a faded altar of an unknown god.
  2067 | D:3      | Found Xuvau's General Store.
  2089 | D:3      | Reached XP level 4. HP: 25/31 MP: 0/0
  2093 | D:3      | Found a hide-covered altar of Uskayaw.
  2137 | D:3      | Found a snail-covered altar of Cheibriados.
  2165 | D:3      | Found a glowing drain.
  2189 | Sewer    | Entered a sewer
  2242 | Sewer    | Noticed Purgy
  2253 | Sewer    | Killed Purgy
  2254 | Sewer    | Reached skill level 5 in Spellcasting
  2254 | Sewer    | Reached XP level 5. HP: 30/35 MP: 0/0
  2254 | Sewer    | Learned a level 2 spell: Ensorcelled Hibernation
  2578 | D:3      | Found a runed translucent gate.
  2580 | D:3      | Found a runed translucent gate.
  2581 | D:3      | Found a runed translucent gate.
  3130 | D:3      | Noticed zarzak's ghost (amateur DgFi)
  3257 | D:4      | Reached XP level 6. HP: 40/40 MP: 0/0
  3378 | D:4      | Reached skill level 6 in Spellcasting
  3486 | D:4      | Noticed a necrophage
  3492 | D:4      | Killed a necrophage
  3493 | D:4      | Reached XP level 7. HP: 45/45 MP: 0/0
  3493 | D:4      | Learned a level 3 spell: Teleport Other
  3658 | D:4      | Reached skill level 7 in Spellcasting
  3711 | D:4      | Slain by a wight

Illustrated notes

Levels and vault maps discovered:
D:1:      eino_arrival_cavern_a, layout_basic
D:2:      layout_loops_cross
D:3:      layout_loops_ring, nicolae_uskayaw_murder_on_the_dancefloor,
          kennysheep_slug_shrine, portal_sewer_entry_f,
          gammafunk_ghost_necromancy, basic_ecumenical_altar, serial_shops, shop
D:4:      layout_basic, kennysheep_mini, serial_shops, nicolae_shop_stone

Skill      XL: |  1  2  3  4  5  6  7 |
---------------+----------------------+-----
Spellcasting   | 3 4 5 6 7 |  7.0
Dodging        | |  2.1
Stealth        | |  1.5

Action                   |  1- 3 |  4- 6 |  7- 9 || total
-------------------------+-------+-------+-------++-------
Melee: Staff             |     1 |     1 |       ||     2
 Cast: Foxfire           |    59 |    56 |     9 ||   124
       Inner Flame       |       |    19 |     8 ||    27
       Conjure Flame     |       |     1 |     2 ||     3
       Teleport Other    |       |       |     1 ||     1
Armor: Robe              |     2 |       |       ||     2
       Troll leather arm |       |    10 |       ||    10
Dodge: Dodged            |    22 |    21 |     2 ||    45
Block: Buckler           |     2 |     1 |       ||     3

Table legend: (Time is in decaauts)
 A = Elapsed time spent in this place.
 B = Non-inter-level travel time spent in this place.
 C = Inter-level travel time spent in this place.
 D = Time resting spent in this place.
 E = Time spent auto-exploring this place.
 F = Levels seen in this place.
 G = Mean time per level.
                   A        B        C        D        E       F      G
               +--------+--------+--------+--------+--------+-----+--------+
         Total |   3710 |   3624 |     86 |      0 |   2865 |   5 |  742.0 |
       Dungeon |   3473 |   3387 |     86 |      0 |   2700 |   4 |  868.2 |
         Sewer |    236 |    236 |      0 |      0 |    165 |   1 |  236.0 |
               +--------+--------+--------+--------+--------+-----+--------+

Top non-repeatable levels by time:
     D:1: 1283 daAuts
     D:3: 954 daAuts
     D:2: 705 daAuts
     D:4: 530 daAuts
   Sewer: 236 daAuts
